 Dungeon Crawl Stone Soup version 0.20.1-1-g8b1a95d (webtiles) character file.

5340 torrenera the Grappler (level 10, -8/90 HPs)
             Began as a Ghoul Monk on Oct 9, 2017.
             Was a Believer of Uskayaw.
             Mangled by a skeletal warrior
             ... wielding a +6 mace
             ... led by a skeletal warrior
              (25 damage)
             ... on level 12 of the Dungeon on Oct 10, 2017.
             The game lasted 00:22:52 (8148 turns).

torrenera the Grappler (Ghoul Monk)                 Turns: 8148, Time: 00:22:53

Health: -8/90      AC:  9    Str: 24    XL:     10   Next: 65%
Magic:  9/9        EV: 11    Int:  5    God:    Uskayaw [**....]
Gold:   319        SH:  5    Dex: 11    Spells: 9/9 levels left

rFire    + + .     SeeInvis .     - Unarmed
rCold    + . .     Gourm    .   s - +2 buckler {rPois}
rNeg     + + +     Faith    .   t - +0 ring mail {rF+}
rPois    ∞         Spirit   .   y - +1 hat
rElec    .         Reflect  .   G - +0 cloak
rCorr    .         Harm     .   (no gloves)
MR       .....                  C - +0 pair of boots {run}
Stlth    +.........             (no amulet)
Regen    0.0/turn               g - ring of protection from fire
MPRegen  0.2/turn               (no ring)

@: mighty, rotting, quick
A: rotting body, claws 1, carnivore 3, cold resistance 1, negative energy
resistance 3, inhibited regeneration, torment resistance, unbreathing
a: Stomp, Line Pass, Renounce Religion


You were on level 12 of the Dungeon.
You worshipped Uskayaw.
Uskayaw was noncommittal.
You were hungry.

You visited 1 branch of the dungeon, and saw 10 of its levels.

You collected 629 gold pieces.
You spent 310 gold pieces at shops.

Inventory:

Hand Weapons
 w - a +0 blowgun
Missiles
 e - 361 stones (quivered)
 u - 34 poisoned needles
 Q - 7 curare-tipped needles
Armour
 p - a cursed -1 large shield
 s - a +2 buckler of poison resistance (worn)
 t - a +0 ring mail of fire resistance (worn)
 y - a +1 hat (worn)
 C - a +0 pair of boots of running (worn)
 G - a +0 cloak (worn)
 U - a +1 pair of gloves
Jewellery
 g - a ring of protection from fire (left claw)
 O - an uncursed ring of teleportation
Wands
 z - a wand of random effects (26/48)
 B - a wand of clouds (9/9)
 D - a wand of digging (15/24)
 J - a wand of confusion (33/48)
 L - a wand of acid (11/15)
 M - a wand of polymorph (7/24)
Scrolls
 c - 3 scrolls of teleportation
 h - 8 scrolls of remove curse
 i - a scroll of fog
 j - a scroll of silence {unknown}
 k - a scroll of enchant weapon {unknown}
 l - 2 scrolls of recharging
 n - 2 scrolls of immolation
 q - a scroll of amnesia {unknown}
 I - a scroll of torment {unknown}
 N - a scroll of noise {unknown}
 P - 2 scrolls of enchant armour {unknown}
 S - a scroll of magic mapping {unknown}
 T - a scroll of identify
 V - a scroll of blinking {unknown}
Potions
 a - 2 potions of mutation
 d - a potion of flight {unknown}
 f - a potion of degeneration {unknown}
 m - 2 potions of heal wounds
 o - 2 potions of agility {unknown}
 r - a potion of haste {unknown}
 v - 6 potions of curing
 x - 3 potions of might
 A - 2 potions of berserk rage {unknown}
 F - 3 potions of brilliance
 K - 3 potions of lignification {unknown}
Books
 H - a book of Callings

   Spells                             Type                      Level
   a - Summon Small Mammal            Summoning                    1
   b - Call Imp                       Summoning                    2
   c - Call Canine Familiar           Summoning                    3
   d - Summon Guardian Golem          Hexes/Summoning              3
   e - Summon Lightning Spire         Summoning/Air                4
   f - Summon Ice Beast               Ice/Summoning                4
Comestibles
 b - 9 meat rations
 E - 2 royal jellies
 R - 9 chunks of flesh


   Skills:
 * Level 8.7 Fighting
 + Level 3.5 Armour
 - Level 2.6 Dodging
 - Level 2.1 Stealth
 - Level 13.9 Unarmed Combat


You had 9 spell levels left.
You didn't know any spells.

Dungeon Overview and Level Annotations

Branches:
Dungeon (12/15)            Temple (0/1) D:6            Lair (0/6) D:11
    Orc: D:9-12

Altars:
Ashenzari
Cheibriados
Fedhas
Makhleb
Ru
Uskayaw

Shops:
D:5 }   D:8 **

Annotations:
D:3 exclusion: oklob plant


Innate Abilities, Weirdness & Mutations

Your body is rotting away.
You thrive on raw meat.
You are immune to poison.
You have sharp fingernails.
You are carnivorous and can eat meat at any time.
Your flesh is cold resistant. (rC+)
You are immune to negative energy. (rN+++)
You do not regenerate when monsters are visible.
You are immune to unholy pain and torment.
You can survive without breathing.


Message History

A skeletal warrior comes into view. It is wielding an enchanted mace.
The skeletal warrior hits you but does no damage.
You barely miss the skeletal warrior.
The skeletal warrior hits you with an enchanted mace!
You mangle the skeletal warrior!!
The skeletal warrior is moderately damaged.
You mangle the skeletal warrior!!
The skeletal warrior is severely damaged.
You block the skeletal warrior's attack.
You can now pass through a line of other dancers.
You scratch the skeletal warrior.
The skeletal warrior is severely damaged.
You scratch the skeletal warrior but do no damage.
The skeletal warrior is severely damaged.
The skeletal warrior hits you with an enchanted mace!!
* * * LOW HITPOINT WARNING * * *
You claw the skeletal warrior!
The skeletal warrior is almost destroyed.
The skeletal warrior hits you with an enchanted mace!!
You die...

#.####...#..# ..
....#......# #.
#.....#...##.# #.
#....##...##.# #.
#....##.))##.# #.
#.#.###)#)##.#
#.###.#...).#(##.#
...###...........#..#.#
.........#@##....#..#.#
########.#z##....'(...#
####.#.##....##...#####
#....#.##....##........
#z####.########..######
#######z##<#.# #... ###
#.......##9#.# #...#
#.. #.####..##z#.#
#...# #.# #9.##.# #.#.#
#.#


You could see a skeletal warrior.

Vanquished Creatures
  2 ugly things (D:11)
  The ghost of Frank the Slasher, a novice OpFi of Gozag (D:6)
  A gargoyle (D:12)
  A centaur skeleton (D:11)
  3 slime creatures (D:7)
  2 wargs (D:11)
  An ice beast (D:5)
  5 orc warriors
  A necrophage (D:5)
  A phantom (D:4)
  A centaur (D:5)
  5 bullfrogs
  3 big kobolds
  4 scorpions
  A howler monkey (D:3)
  4 crimson imps
  3 hounds
  4 jellies
  A centaur zombie (D:5)
  Crazy Yiuf (D:6)
  6 orc priests
  6 orc wizards
  3 iguanas
  2 worker ants
  A hound zombie (D:7)
  A worker ant zombie (D:5)
  17 adders
  2 shadow imps
  2 oozes
  3 worms
  A dart slug (D:4)
  9 leopard geckos
  29 orcs
  A ball python (D:1)
  5 bats
  6 giant cockroaches
  8 goblins
  9 hobgoblins
  11 jackals
  15 kobolds
  3 quokkas
  5 frilled lizards
  A quokka skeleton (D:7)
  10 rats
201 creatures vanquished.

Notes
Turn   | Place    | Note
-------+----------+-------------------------------------------
     0 | D:1      | torrenera the Ghoul Monk began the quest for the Orb.
     0 | D:1      | Reached XP level 1. HP: 19/19 MP: 0/0
   265 | D:1      | Reached XP level 2. HP: 20/26 MP: 1/1
   835 | D:1      | Reached XP level 3. HP: 27/33 MP: 2/2
  1077 | D:2      | Noticed a dagger
  1078 | D:2      | Found a hide-covered altar of Uskayaw.
  1079 | D:2      | Noticed a hand axe
  1107 | D:2      | Reached skill level 4 in Unarmed Combat
  1135 | D:2      | Became a worshipper of Uskayaw the Reveler
  1135 | D:2      | Reached * piety under Uskayaw
  1178 | D:2      | Reached ** piety under Uskayaw
  1504 | D:2      | Reached XP level 4. HP: 40/40 MP: 3/3
  1511 | D:2      | Reached *** piety under Uskayaw
  1874 | D:3      | Reached skill level 5 in Unarmed Combat
  1999 | D:3      | Reached XP level 5. HP: 43/47 MP: 4/4
  2235 | D:3      | Found a blossoming altar of Fedhas.
  2248 | D:3      | Noticed an oklob plant
  2374 | D:3      | Reached skill level 6 in Unarmed Combat
  2451 | D:3      | Reached XP level 6. HP: 32/53 MP: 5/5
  2791 | D:4      | Reached skill level 7 in Unarmed Combat
  2818 | D:4      | Noticed a phantom
  2831 | D:4      | Killed a phantom
  2831 | D:4      | Reached **** piety under Uskayaw
  2833 | D:4      | Reached XP level 7. HP: 14/60 MP: 6/6
  2833 | D:4      | Reached ***** piety under Uskayaw
  3153 | D:4      | Found a burning altar of Makhleb.
  3159 | D:4      | Found a sacrificial altar of Ru.
  3605 | D:5      | Entered Level 5 of the Dungeon
  3637 | D:5      | Reached skill level 8 in Unarmed Combat
  3805 | D:5      | Reached skill level 5 in Fighting
  3919 | D:5      | Reached skill level 9 in Unarmed Combat
  3943 | D:5      | Found Emigaliq Elo's Gadget Shop.
  3993 | D:5      | Reached XP level 8. HP: 61/68 MP: 7/7
  4400 | D:6      | Found a staircase to the Ecumenical Temple.
  4438 | D:6      | Reached skill level 10 in Unarmed Combat
  4692 | D:6      | Noticed Frank's ghost (novice OpFi)
  4760 | D:5      | Identified a +0 pair of boots of running (You found it on level 6 of the Dungeon)
  4946 | D:6      | Found a runed door.
  5138 | D:6      | Killed Frank's ghost
  5138 | D:6      | Reached skill level 11 in Unarmed Combat
  5138 | D:6      | Reached XP level 9. HP: 13/77 MP: 8/8
  5512 | D:6      | Noticed Crazy Yiuf
  5517 | D:6      | Killed Crazy Yiuf
  5644 | D:7      | Found a snail-covered altar of Cheibriados.
  5743 | D:7      | Found a shattered altar of Ashenzari.
  6049 | D:7      | Reached skill level 12 in Unarmed Combat
  6395 | D:8      | Found Cethofuj's Assorted Antiques.
  6398 | D:8      | Bought a potion of heal wounds for 155 gold pieces
  6398 | D:8      | Bought an onyx ring for 155 gold pieces
  6506 | D:8      | Found Hioduwn's General Store.
  6513 | D:8      | You fall through a shaft for 3 floors!
  6575 | D:11     | Noticed a purple ugly thing
  6591 | D:11     | Killed a purple ugly thing
  6591 | D:11     | Reached skill level 13 in Unarmed Combat
  6591 | D:11     | Reached XP level 10. HP: 23/86 MP: 9/9
  6789 | D:11     | Found a staircase to the Lair.
  6796 | D:11     | Noticed a green ugly thing
  7479 | D:11     | Killed a green ugly thing
  7479 | D:11     | Reached skill level 1 in Armour
  7764 | D:12     | Noticed a gargoyle
  7765 | D:12     | Noticed a skeletal warrior
  7766 | D:12     | Noticed a skeletal warrior
  8111 | D:12     | Killed a gargoyle
  8138 | D:12     | Noticed a skeletal warrior
  8148 | D:12     | Mangled by a skeletal warrior

Skill      XL: |  1  2  3  4  5  6  7  8  9 10 |
---------------+-------------------------------+-----
Fighting       | 4 5 6 7 8 |  8.7
Unarmed Combat | 4 5 6 7 9 11 13 | 13.9
Armour         | 3 |  3.5
Dodging        | |  2.6
Stealth        | |  2.1

Action                   |  1- 3 |  4- 6 |  7- 9 | 10-12 || total
-------------------------+-------+-------+-------+-------++-------
Melee: Unarmed           |   106 |   153 |   312 |   129 ||   700
       Punch             |     1 |       |       |       ||     1
Invok: Stomp             |       |       |     2 |       ||     2
  Use: Potion            |       |       |     1 |     2 ||     3
       Scroll            |       |       |     9 |     3 ||    12
 Stab: Sleeping          |     7 |       |       |       ||     7
       Paralysed         |       |     2 |     7 |     4 ||    13
  Eat: Chunk             |     2 |     5 |    25 |     1 ||    33
Armor: Robe              |    18 |       |       |       ||    18
       Ring mail         |     4 |    50 |    68 |    31 ||   153
Dodge: Dodged            |    57 |    69 |    80 |    47 ||   253
Block: Buckler           |     1 |    39 |    46 |    28 ||   114
